Map: Tokamak LE

Players

Sindyr

  • Race: Terran Terran
  • League: Master
  • Spawn Location: 7:00

Wyyl - Winner!

  • Race: Terran Terran
  • League: Master
  • Spawn Location: 1:00

VOD

Have the link to the VOD?

Description

Time

  • Played on: Oct. 27, 2025, 4:59 a.m.
  • Length: 13:29
Show
View Real Time Build Order
Export as new Build Order

Sindyr Terran 

Build Orders:  

Get SALT Encoding   

  12  0:03  SCV  
  13  0:15  SCV  
  13  0:19  Supply Depot  
  14  0:27  SCV  
  15  0:40  SCV  
  16  0:43  Barracks  
  16  0:49  Refinery  
  16  0:52  SCV  
  17  1:05  SCV  
  18  1:17  SCV  
  19  1:30  Orbital Command  
  19  1:39  Barracks Tech Lab  
  19  1:50  Command Center  
  19  1:57  SCV  
  20  2:09  SCV  
  20  2:14  Supply Depot, Stimpack  
  20  2:38  SCV  
  20  2:40  Command Center  
  21  2:50  SCV  
  22  2:56  Barracks  
  22  3:00  Barracks  
  22  3:07  Orbital Command  
  22  3:09  SCV  
  23  3:21  SCV  
  23  3:22  Refinery  
  24  3:31  Factory  
  24  3:33  SCV  
  25  3:36  SCV  
  26  3:45  SCV  
  26  3:46  Barracks Reactor  
  26  3:48  SCV, Barracks Tech Lab  
  28  3:53  Barracks  
  28  3:58  SCV  
  28  4:00  SCV  
  30  4:09  Orbital Command  
  30  4:10  SCV  
  30  4:12  SCV  
  32  4:18  Engineering Bay  
  32  4:20  Engineering Bay  
  32  4:22  SCV  
  33  4:24  SCV  
  33  4:25  Refinery  
  33  4:28  Refinery  
  34  4:33  Factory Reactor  
  34  4:34  SCV  
  34  4:36  SCV  
  36  4:38  Starport  
  36  4:43  Marine x4  
  40  4:46  SCV  
  40  4:48  SCV  
  40  4:52  Supply Depot  
  42  5:00  SCV  
  42  5:02  SCV  
  44  5:10  Terran Infantry Armor Level 1, Terran Infantry Weapons Level 1  
  44  5:13  SCV  
  45  5:14  SCV  
  45  5:15  Armory  
  45  5:16  SCV  
  47  5:25  SCV  
  47  5:26  SCV  
  49  5:28  SCV  
  49  5:31  Starport  
  49  5:35  Marine x3  
  51  5:39  SCV  
  51  5:42  Command Center  
  54  5:46  Factory Tech Lab, Barracks Reactor  
  54  5:50  Marine  
  54  5:51  SCV  
  54  5:53  Marine x2  
  54  5:54  Marauder  
  60  6:01  SCV x2  
  60  6:03  SCV  
  63  6:08  Marine  
  64  6:13  Supply Depot, SCV x2  
  64  6:15  SCV  
  64  6:16  Supply Depot  
  64  6:17  Starport Tech Lab  
  67  6:20  Refinery  
  67  6:22  Refinery  
  67  6:25  SCV x2  
  69  6:28  Armory  
  69  6:32  Armory  
  69  6:34  SCV  
  69  6:37  SCV x2  
  72  6:40  Marine x5  
  72  6:41  Marine  
  72  6:43  Medivac  
  72  6:45  Medivac  
  72  6:46  SCV  
  83  6:49  SCV x2  
  79  6:58  Marine x6, SCV  
  86  7:01  SCV x2  
  84  7:11  SCV  
  60  7:15  Marine  
  60  7:16  Marine x5  
  52  7:33  Marine x2  
  52  7:34  Marine x4  
  58  7:44  Orbital Command  
  58  7:49  SCV x3  
  61  7:51  Marine x4  
  61  7:52  Marine x2  
  67  8:01  SCV x3  
  60  8:13  SCV x3  
  60  8:18  Marine x6  
  69  8:21  Siege Tank  
  69  8:25  SCV x2  
  61  8:36  Marine x6  
  61  8:37  SCV x2  
  67  8:45  Medivac x2  
  71  8:53  Marine  
  71  8:54  Marine x5  
  77  8:59  SCV  
  78  9:11  Marine x4, SCV  
  78  9:12  Marine x2  
  79  9:24  SCV  
  77  9:29  Marine x6  
  69  9:36  SCV  
  64  9:47  Marine x6, Siege Tank  
  64  9:48  SCV  
  61  9:54  SCV  
  58  10:04  SCV  
  58  10:05  Marine x6  
  58  10:07  SCV  
  64  10:16  SCV  
  64  10:19  SCV  
  66  10:22  Marine  
  66  10:23  Marine x5  
  66  10:26  Command Center, Terran Infantry Weapons Level 2, Terran Infantry Armor Level 2  
  71  10:28  SCV  
  71  10:31  SCV  
  67  10:40  Marine x2, SCV  
  67  10:41  Marine x3  
  73  10:43  SCV  
  73  10:45  Command Center  
  73  10:49  Marine  
  67  10:52  Siege Tank, SCV  
  67  10:53  Medivac x2  
  69  10:58  Marine x5  
  74  11:07  Marine  
  74  11:19  Supply Depot  
  74  11:21  Supply Depot, Marine  
  74  11:23  Medivac x2  
  79  11:30  Sensor Tower  
  79  11:36  Marine  
  79  11:37  Marine x4  
  79  11:39  Marine  
  52  11:54  Marine x2  
  52  11:55  Marine x3  
  52  11:57  Marine  
  52  12:00  Siege Tank  
  61  12:05  Starport Reactor  
  61  12:12  Marine x5, Command Center  
  61  12:15  Marine, Medivac x2  
  67  12:20  Command Center  
  65  12:30  Marine x4  
  65  12:31  Marauder  
  65  12:32  Marine  
  65  12:36  Supply Depot  
  70  12:39  Supply Depot  
  70  12:45  Medivac  
  70  12:48  Marine x4  
  70  12:50  Marine  
  69  12:52  Marine  
  71  13:05  Marine  
  71  13:06  Marine x3  
  71  13:08  Marine  
  71  13:09  Marine  
Show
View Real Time Build Order
Export as new Build Order

Wyyl Terran - Winner!

Build Orders:  

Get SALT Encoding   

  12  0:00  SCV  
  13  0:13  SCV  
  14  0:17  Supply Depot  
  14  0:25  SCV  
  15  0:38  SCV  
  15  0:42  Barracks  
  16  0:46  Refinery  
  16  0:50  SCV  
  17  1:03  SCV  
  18  1:15  SCV  
  20  1:35  Orbital Command, Marine  
  20  1:44  Command Center  
  20  2:01  Factory  
  20  2:11  SCV  
  21  2:16  Refinery  
  21  2:18  Marine  
  22  2:24  SCV  
  23  2:55  Marine, SCV  
  23  2:56  Supply Depot  
  25  2:58  Orbital Command  
  25  3:01  Factory Tech Lab  
  25  3:04  Starport  
  25  3:08  SCV  
  26  3:15  Barracks Reactor  
  26  3:20  SCV  
  26  3:23  Refinery  
  26  3:24  SCV  
  28  3:32  SCV  
  29  3:34  Siege Tank  
  29  3:36  SCV  
  33  3:44  SCV  
  34  3:48  SCV  
  35  3:56  SCV  
  35  3:58  Viking  
  35  3:59  Viking  
  40  4:04  Supply Depot  
  40  4:06  SCV  
  40  4:08  SCV  
  42  4:13  Refinery, Siege Tank  
  45  4:18  SCV  
  45  4:20  SCV  
  47  4:28  Viking x2  
  47  4:30  SCV  
  52  4:32  SCV  
  53  4:40  Marine  
  53  4:42  SCV, Supply Depot  
  53  4:44  SCV  
  56  4:50  Siege Tank  
  59  4:54  SCV  
  59  4:56  SCV  
  61  5:06  Supply Depot  
  61  5:09  SCV x2  
  61  5:10  Supply Depot  
  61  5:11  Viking x2  
  61  5:12  Marine  
  68  5:21  SCV  
  68  5:25  SCV  
  70  5:30  Siege Tank  
  70  5:31  Supply Depot  
  70  5:33  SCV  
  74  5:37  SCV  
  75  5:43  Factory  
  75  5:45  Starport  
  75  5:46  SCV  
  75  6:02  Viking  
  75  6:03  Viking  
  79  6:04  Siege Tank  
  82  6:20  Engineering Bay  
  82  6:23  Supply Depot  
  82  6:24  Command Center, Supply Depot  
  82  6:27  Starport Reactor  
  82  7:00  Marine  
  82  7:01  Siege Tank, Viking x2  
  83  7:18  Marine  
  79  7:27  Viking x2  
  80  7:33  Siege Tank  
  80  7:35  Marine  
  84  7:42  Factory Tech Lab  
  84  7:44  Viking x2  
  88  7:53  Marine  
  89  8:05  Siege Tank  
  87  8:11  Marine  
  82  8:20  Siege Tank  
  82  8:21  Viking x2  
  89  8:29  Marine  
  90  8:37  Siege Tank  
  93  8:46  Viking x2  
  93  8:47  Marine  
  98  8:49  Planetary Fortress  
  98  8:54  Command Center, SCV x2  
  100  9:05  Marine  
  100  9:06  SCV x2  
  100  9:09  Siege Tank  
  103  9:13  Factory  
  97  9:18  SCV  
  97  9:21  Refinery  
  97  9:22  Marine  
  99  9:32  Siege Tank, Viking x2  
  99  9:33  Viking  
  108  9:40  Marine  
  109  9:51  SCV x3  
  112  9:58  Marine  
  109  10:02  Command Center  
  109  10:03  SCV x3  
  109  10:05  Command Center  
  109  10:06  Siege Tank x2, Viking  
  109  10:07  Viking x3  
  122  10:09  Factory Tech Lab  
  127  10:14  Refinery  
  127  10:15  SCV  
  127  10:22  Sensor Tower  
  127  11:03  Marine  
  128  11:04  Siege Tank x2, Viking  
  128  11:05  Viking x2  
  140  11:12  Supply Depot  
  140  11:13  Viking, Siege Tank, Supply Depot  
  140  11:14  Supply Depot  
  145  11:19  SCV x2  
  145  11:20  Orbital Command  
  145  11:21  Marine  
  145  11:23  Orbital Command x2  
  127  11:44  Marine  
  127  11:45  Siege Tank x2  
  127  11:46  Viking x2  
  124  11:53  Siege Tank  
  127  11:59  Liberator  
  127  12:00  Liberator  
  129  12:01  Marine  
  130  12:17  Siege Tank  
  130  12:19  Marine  
  134  12:37  Siege Tank x2, Marine  
  141  12:46  Barracks  
  141  12:48  Barracks  
  141  12:51  Barracks  
  141  12:55  Marine  
  141  12:58  Barracks  
Tags
 
Matchup
TvT
Race
Terran
Replay Pack
Multiplayer
Spawn Locations
Cross Positions
Add a new tag
Caveats
  • Supply blocks, unpowered buildings, or Contaminate may cause inaccurate times.
  • Supply counts are checked every 10 seconds.